 Dungeon Crawl Stone Soup version 0.21.1-1-g345015f (webtiles) character file.

1913 diana the Slicer (level 9, -2/55 HPs)
             Began as a Halfling Fighter on May 28, 2018.
             Was a Believer of Cheibriados.
             Slain by a troll (3 damage)
             ... on level 7 of the Dungeon.
             The game lasted 00:10:53 (4735 turns).

diana the Slicer (Halfling Fighter)                 Turns: 4735, Time: 00:10:54

Health: -2/55      AC:  6    Str: 27    XL:     9   Next: 39%
Magic:  9/9        EV:  9    Int: 11    God:    Cheibriados [**....]
Gold:   314        SH: 11    Dex: 22    Spells: 8/8 levels left

rFire    . . .     SeeInvis .   s - +3 short sword of the Imperium {freeze, -Tele MR+++ Str+5} (curse)
rCold    . . .     Gourm    .   c - +0 shield
rNeg     . . .     Faith    .   b - +0 scale mail
rPois    .         Spirit   .   (no helmet)
rElec    .         Reflect  .   (no cloak)
rCorr    +         Harm     .   (no gloves)
MR       +++..     NoTele   +   (no boots)
Stlth    ..........             (no amulet)
HPRegen  0.18/turn              t - ring of resist corrosion
MPRegen  0.11/turn              x - ring of teleportation (curse)

@: flying, very slow
A: small, mutation resistance 1
a: Bend Time, Renounce Religion


You were on level 7 of the Dungeon.
You worshipped Cheibriados.
Cheibriados was pleased with you.
You were hungry.

You visited 1 branch of the dungeon, and saw 7 of its levels.

You collected 314 gold pieces.

Inventory:

Hand Weapons
 a - a +0 rapier
 r - a +0 short sword of electrocution
 s - the cursed +3 short sword of the Imperium (weapon) {freeze, -Tele MR+++ Str+5}
   (You found it on level 4 of the Dungeon)

   It has been specially enchanted to freeze those struck by it, causing extra
   injury to most foes and up to half again as much damage against particularly
   susceptible opponents.
   It can also slow down cold-blooded creatures.
   It affects your strength (+5).
   It affects your resistance to hostile enchantments.
   It prevents most forms of teleportation.
   It has a curse placed upon it.
 y - the +8 dagger of Ruashrur {flame, Fragile +Blink Int+2, unknown}
   (You found it on level 6 of the Dungeon)

   It has been specially enchanted to burn those struck by it, causing extra
   injury to most foes and up to half again as much damage against particularly
   susceptible opponents.
   It affects your intelligence (+2).
   It lets you blink.
   It will be destroyed if unequipped.
Armour
 b - a +0 scale mail (worn)
 c - a +0 shield (worn)
Jewellery
 t - a ring of resist corrosion (left hand)
 u - an uncursed ring of protection from magic
 x - a cursed ring of teleportation (right hand)
Wands
 C - a wand of disintegration (7)
Scrolls
 e - 3 scrolls of teleportation
 g - 2 scrolls of enchant armour
 h - 3 scrolls of identify
 j - 2 scrolls of fog
 k - a scroll of immolation
 v - a scroll of noise {unknown}
 w - 2 scrolls of remove curse
 z - a scroll of amnesia {unknown}
 A - a scroll of blinking {unknown}
 B - 2 scrolls of fear {unknown}
Potions
 d - a potion of haste {unknown}
 i - a potion of degeneration {unknown}
 l - a potion of lignification {unknown}
 m - 2 potions of flight
 n - a potion of heal wounds {unknown}
 o - 4 potions of curing {unknown}
 p - a potion of cancellation {unknown}
Books
 q - a book of Misfortune

   Spells                             Type                      Level
   a - Confusing Touch                Hexes                        1
   b - Confuse                        Hexes                        3
   c - Gell's Gravitas                Translocation                3
   d - Petrify                        Transmutation/Earth          4
   e - Metabolic Englaciation         Hexes/Ice                    5
   f - Yara's Violent Unravelling     Hexes/Transmutation          5
Comestibles
 f - 20 rations


   Skills:
 - Level 2.8 Fighting
 + Level 13.3 Short Blades
 - Level 3.5 Armour
 - Level 3.6 Shields


You had 8 spell levels left.
You didn't know any spells.

Dungeon Overview and Level Annotations

Branches:
Dungeon (7/15)             Temple (0/1) D:4

Altars:
Cheibriados
Fedhas
Qazlal
Xom

Shops:
D:4 [?(

Annotations:
D:4 2 transporters


Innate Abilities, Weirdness & Mutations

You are small and have problems with some larger weapons.
You are somewhat resistant to further mutation.


Message History

You hit the troll. You freeze the troll.
The troll is severely wounded.
The troll bites you! The troll closely misses you.
You block the troll's attack.
You are too injured to fight recklessly!
It was a potion of flight.
You feel very buoyant.
You fly up into the air.
The troll barely misses you. The troll claws you! You block the troll's attack.
You barely miss the troll.
The troll is heavily wounded.
You barely miss the troll.
The troll is heavily wounded.
The troll bites you!
* * * LOW HITPOINT WARNING * * *
The troll claws you.
* * * LOW HITPOINT WARNING * * *
You block the troll's attack. The troll closely misses you.
The troll claws you.
You die...

###### ### ....##.!.
#......####
########.#.#.....
...#..........
##.#.##.#.#.#
#....##..@T.#.# #.
#..........$..# #.
#....####.##### #.
####.# #.# #.## #.#
#.# #..# #.# #.#
#.#####.####.#
.####.......<)...####
....................#


You could see a troll.

Vanquished Creatures
  The ghost of Thomus the Cleaver, a novice MiBe of Trog (D:7)
  A phantom (D:6)
  A sky beast (D:6)
  3 ogres
  A big kobold (D:7)
  3 bullfrogs
  The ghost of Iko the Chopper, a weakling OgGl (D:3)
  2 scorpions (D:4)
  A centaur zombie (D:6)
  A crimson imp (D:6)
  A hound (D:7)
  3 orc wizards (D:4)
  A centaur skeleton (D:7)
  An iguana (D:4)
  2 worker ants
  3 gnolls (D:3)
  13 adders
  2 oozes
  2 adder zombies (D:6)
  A worm (D:4)
  5 leopard geckos
  6 orcs
  2 giant cockroaches (D:4)
  A hobgoblin (D:1)
  12 kobolds
  3 quokkas
  A ball python (D:2)
  6 bats
  4 frilled lizards
  7 goblins
  A jackal zombie (D:7)
  5 rats
97 creatures vanquished.

Notes
Turn   | Place    | Note
-------+----------+-------------------------------------------
     0 | D:1      | diana the Halfling Fighter began the quest for the Orb.
     0 | D:1      | Reached XP level 1. HP: 15/15 MP: 1/1
   148 | D:1      | Reached XP level 2. HP: 18/20 MP: 2/2
   474 | D:2      | Reached skill level 3 in Short Blades
   474 | D:2      | Reached XP level 3. HP: 12/25 MP: 3/3
   895 | D:2      | Found a snail-covered altar of Cheibriados.
   911 | D:2      | Became a worshipper of Cheibriados the Contemplative
   995 | D:2      | Reached skill level 4 in Short Blades
  1008 | D:2      | Reached XP level 4. HP: 25/30 MP: 4/4
  1132 | D:3      | Noticed Iko's ghost (weakling OgGl)
  1146 | D:3      | Killed Iko's ghost
  1146 | D:3      | Reached skill level 5 in Short Blades
  1146 | D:3      | Reached XP level 5. HP: 23/36 MP: 5/5
  1560 | D:3      | Reached skill level 6 in Short Blades
  1691 | D:3      | Reached * piety under Cheibriados
  1971 | D:3      | Reached XP level 6. HP: 38/41 MP: 6/6
  2244 | D:4      | Found a blossoming altar of Fedhas.
  2252 | D:4      | Reached skill level 7 in Short Blades
  2255 | D:4      | Found a stormy altar of Qazlal.
  2271 | D:4      | Found Fem Obesch's Antique Armour Emporium.
  2295 | D:4      | Found Hotishay's Magic Scroll Shop.
  2323 | D:4      | Found Itaiqa's Antique Weapon Shop.
  2777 | D:4      | Found a staircase to the Ecumenical Temple.
  2781 | D:4      | Found a transporter.
  2824 | D:4      | Reached XP level 7. HP: 25/45 MP: 7/7
  2862 | D:4      | Reached skill level 8 in Short Blades
  2926 | D:4      | Found a transporter.
  2964 | D:4      | Got a crude short sword
  2965 | D:4      | Identified the cursed +3 short sword of the Imperium {freeze, -Tele MR+++ Str+5} (You found it on level 4 of the Dungeon)
  3125 | D:4      | Reached skill level 9 in Short Blades
  3471 | D:5      | Entered Level 5 of the Dungeon
  3616 | D:6      | Reached skill level 10 in Short Blades
  3616 | D:6      | Reached XP level 8. HP: 31/51 MP: 8/8
  3645 | D:6      | Reached ** piety under Cheibriados
  3767 | D:6      | Got a smoking dagger
  4018 | D:6      | Reached skill level 11 in Short Blades
  4126 | D:7      | Found a shimmering altar of Xom.
  4126 | D:7      | Found a shimmering altar of Xom.
  4135 | D:7      | Found a shimmering altar of Xom.
  4188 | D:7      | Noticed Thomus's ghost (novice MiBe)
  4214 | D:7      | Killed Thomus's ghost
  4214 | D:7      | Reached skill level 12 in Short Blades
  4214 | D:7      | Reached XP level 9. HP: 23/55 MP: 6/9
  4422 | D:7      | Reached skill level 13 in Short Blades
  4726 | D:7      | Noticed a troll
  4734 | D:7      | HP: 1/55 [troll (5)]
  4735 | D:7      | Slain by a troll

Skill      XL: |  1  2  3  4  5  6  7  8  9 |
---------------+----------------------------+-----
Short Blades   | 3 4 5 6 7 10 12 13 | 13.3
Fighting       | |  2.8
Armour         | |  3.5
Shields        | |  3.6

Action                   |  1- 3 |  4- 6 |  7- 9 || total
-------------------------+-------+-------+-------++-------
Melee: Rapier            |    89 |   125 |    13 ||   227
       Short sword       |       |     6 |   188 ||   194
Invok: Bend Time         |       |       |     1 ||     1
  Use: Scroll            |       |     6 |       ||     6
       Potion            |       |     1 |     2 ||     3
  Eat: Chunk             |       |     4 |     3 ||     7
Armor: Scale mail        |    31 |    28 |    29 ||    88
Dodge: Dodged            |    39 |    48 |    39 ||   126
Block: Shield            |    47 |    69 |    77 ||   193
